 Dungeon Crawl Stone Soup version 0.16.1-29-g3e760ad (webtiles) character file.

62 qqmkm the Covered (level 3, 0/29 HPs)
             Began as a Demonspawn Abyssal Knight on June 11, 2015.
             Was a Believer of Lugonu.
             Slain by an adder (4 damage)
             ... on level 2 of the Dungeon.
             The game lasted 00:07:43 (1779 turns).

qqmkm the Covered (Demonspawn Abyssal Knight)       Turns: 1779, Time: 00:07:43

Health: 0/29       AC:  3    Str: 13    XL:     3   Next: 85%
Magic:  4/4        EV: 10    Int: 13    God:    Lugonu [**....]
Gold:   77         SH:  3    Dex: 12    Spells: 0 memorised, 2 levels left

rFire  . . .     SeeInvis .     f - +3 short sword
rCold  . . .     Clarity  .     b - +0 leather armour
rNeg   . . .     SustAb   .     j - +0 buckler
rPois  .         Gourm    .     (helmet restricted)
rElec  .         Spirit   .     (no cloak)
rCorr  .         Warding  .     (no gloves)
rMut   .         Rnd*Tele +     (no boots)
MR     .....                    (no amulet)
Stlth  +.........               (no ring)
                                i - ring of teleportation (curse)

@: lethally poisoned (0 -> -3), not resistant to hostile enchantments, very
unstealthy
A: antennae 1, spiny 1
a: Depart the Abyss, Bend Space, Renounce Religion, Evoke Teleportation


You were on level 2 of the Dungeon.
You worshipped Lugonu.
Lugonu was pleased with you.
You were not hungry.

You visited 1 branch of the dungeon, and saw 2 of its levels.
You visited the Abyss 1 time.

You collected 77 gold pieces.

Inventory:

Hand weapons
 a - a +1 hand axe
 f - a +3 short sword (weapon)
Armour
 b - a +0 leather armour (worn)
 d - a +0 robe
 j - a +0 buckler (worn)
Jewellery
 i - a cursed ring of teleportation (left hand)
Scrolls
 g - a scroll of enchant armour
 h - a scroll of identify
Comestibles
 c - 3 bread rations
 k - a slice of pizza


   Skills:
 - Level 3.1 Fighting
 + Level 1.0 Short Blades
 - Level 1.7 Axes
 + Level 3.4 Armour
 - Level 0.8 Dodging
 - Level 2.5 Invocations


You had 2 spell levels left.
You didn't know any spells.

Dungeon Overview and Level Annotations

Branches:
Dungeon (2/15)

Altars:


Innate Abilities, Weirdness & Mutations

You have a pair of small antennae on your head.
You are partially covered in sharp spines.


Message History

You feel sick. The adder bites you.
You closely miss the adder.
The adder is lightly wounded.
The adder bites you but does no damage. The adder is struck by your spines.
The adder bites you.
* * * LOW HITPOINT WARNING * * *
You see here a short sword.
* * * LOW HITPOINT WARNING * * *
You feel sick.
As you read the scroll labeled FUOLIHUISH, it crumbles to dust.
You feel blessed for a moment.
It was a scroll of remove curse.
The adder completely misses you.
You feel slightly jumpy.
Oops, that ring feels deathly cold.
i - a cursed ring of teleportation (left hand)
The adder misses you.
Use which ability? (? or * to list)
You fail to use your ability.
* * * LOW HITPOINT WARNING * * *
You feel sick. The adder bites you.
You die...

... ......).# ### .........+ ...
#.........# ### .#......... ##
.......... #. .........
########### #.
.........#####.........# #.
..........)S@<.........# #.
..........#####.........#####.
.........................'...'.
............#####.........#####.
.............# #.........# #.
............## #.........# #.
.......#....######.........# #.
................##.........# ##
................##.........#


You could see an adder.

Vanquished Creatures
  An adder (D:2)
  A worm (D:2)
  An ooze (D:1)
  2 ball pythons
  5 bats
  5 goblins
  6 hobgoblins (D:1)
  3 giant cockroaches
  3 giant geckos (D:1)
  2 giant newts
  6 kobolds
  9 rats
44 creatures vanquished.

Notes
Turn   | Place    | Note
--------------------------------------------------------------
     0 | Abyss:1  | qqmkm, the Demonspawn Abyssal Knight, began the quest for the Orb.
     0 | Abyss:1  | Reached XP level 1. HP: 18/18 MP: 1/1
    32 | Abyss:1  | Noticed a starcursed mass
    36 | D:1      | Escaped the Abyss
    64 | D:1      | Acquired Lugonu's first power
   203 | D:1      | Gained mutation: You have a pair of small antennae on your head. [demonic ancestry]
   203 | D:1      | Reached XP level 2. HP: 9/24 MP: 2/2
   871 | D:1      | Gained mutation: You are partially covered in sharp spines. [demonic ancestry]
   871 | D:1      | Reached XP level 3. HP: 19/29 MP: 4/4
   922 | D:1      | Acquired Lugonu's second power
  1314 | D:2      | Reached skill level 1 in Short Blades
  1779 | D:2      | Slain by an adder

Action                   || total
-------------------------++-------
Melee: Hand axe          ||    52
       Short sword       ||    83
Invok: Depart the Abyss  ||     1
  Use: Potion            ||     1
       Scroll            ||     2
  Eat: Chunk             ||     3
